 Dungeon Crawl Stone Soup version 0.28.0 (console) character file.

Game seed: 11428784973149777026

213 ryathie the Magician (level 5, -1/28 HPs)
             Began as a Deep Elf Hedge Wizard on Feb 14, 2022.
             Slain by a hornet (2 damage)
             ... while paralysed by a hornet
             ... on level 4 of the Dungeon.
             The game lasted 00:08:37 (4286 turns).

ryathie the Magician (Deep Elf Hedge Wizard)        Turns: 4286, Time: 00:08:38

Health: -1/28      AC:  2    Str:  7    XL:     5   Next: 59%
Magic:  9/14       EV:  2    Int: 21    God:
Gold:   126        SH:  0    Dex: 14    Spells: 3/14 levels left

rFire   . . .      SeeInvis .   a - +0 dagger
rCold   . . .      Faith    .   (no shield)
rNeg    . . .      Spirit   .   b - +0 robe
rPois   .          Reflect  .   c - +0 hat
rElec   .          Harm     .   (no cloak)
rCorr   .          Rampage  .   (no gloves)
Will    .....                   (no boots)
Stlth   ++........              (no amulet)
HPRegen 0.09/turn               (no ring)
MPRegen 0.14/turn               (no ring)

@: paralysed, lethally poisoned (-1 -> -14), slowed
A: no striking features
a: no special abilities


You were on level 4 of the Dungeon.
You visited 1 branch of the dungeon, and saw 4 of its levels.

You collected 126 gold pieces.

Inventory:

Hand Weapons
 a - a +0 dagger (weapon)
Armour
 b - a +0 robe (worn)
 c - a +0 hat (worn)
Jewellery
 f - an amulet of reflection
Scrolls
 d - a scroll of noise {unknown}
 e - 2 scrolls of teleportation {unknown}
 h - a scroll of fear {unknown}
 j - a scroll of silence {unknown}
 k - 5 scrolls of identify {unknown}
 l - a scroll of magic mapping {unknown}
 m - a scroll of immolation {unknown}
 p - a scroll of blinking {unknown}
 q - a scroll of fog {unknown}
 r - a scroll of vulnerability {unknown}
 s - a scroll of enchant armour {unknown}
 t - a scroll of holy word {unknown}
Potions
 g - 2 potions of mutation {unknown}
 i - 2 potions of flight {unknown}
 n - a potion of resistance {unknown}
 o - a potion of curing {unknown}


   Skills:
 - Level 2.4 Dodging
 - Level 2.4 Stealth
 - Level 5.0 Spellcasting
 + Level 4.3 Conjurations
 - Level 2.0 Summonings
 - Level 1.1 Translocations
 + Level 0.0 Fire Magic
 - Level 2.0 Air Magic
 - Level 2.0 Poison Magic


You had 3 spell levels left.
You knew the following spells:

 Your Spells              Type           Power      Damage    Failure   Level
a - Magic Dart            Conj           92%        1d7       1%          1
b - Call Imp              Summ           13%        N/A       7%          2
c - Mephitic Cloud        Conj/Pois/Air  16%        N/A       11%         3
d - Conjure Flame         Conj/Fire      14%        6-21      13%         3
B - Blink                 Tloc           18%        N/A       11%         2

Your spell library contained the following spells:

 Spells                   Type           Power      Damage    Failure   Level
 Apportation              Tloc           18%        N/A       7%          1
 Slow                     Hex            20%        N/A       11%         1
 Fireball                 Conj/Fire      7%         3d5       77%         5
 Starburst                Conj/Fire      7%         6d4       100%        6
 Ignition                 Fire           2%         3d3       100%        8


Dungeon Overview and Level Annotations

Branches:
Dungeon (4/15)
 Temple: D:4-7

Altars:
Kikubaaqudgha
Yredelemnul
Zin

Annotations:
D:2 exclusion: scorpion, Natasha, Sigmund


Message History

Casting: Conjure Flame (quite dangerous; 13% risk of failure)
Confirm with . or Enter, or press ? or * to list all spells.
Aiming: Magic Dart (safe; 1% risk of failure)
Press: ? - help, Shift-Dir - straight line, f - necrophage
Aim: a necrophage (100% to hit)
The magic dart hits the necrophage.
The necrophage is moderately damaged.
Casting: Magic Dart (safe; 1% risk of failure)
Confirm with . or Enter, or press ? or * to list all spells.
Aiming: Magic Dart (safe; 1% risk of failure)
Press: ? - help, Shift-Dir - straight line, f/p - necrophage
Aim: a necrophage (moderately damaged, 100% to hit)
The magic dart hits the necrophage.
The necrophage is moderately damaged.
Casting: Magic Dart (safe; 1% risk of failure)
Confirm with . or Enter, or press ? or * to list all spells.
Aiming: Magic Dart (safe; 1% risk of failure)
Press: ? - help, Shift-Dir - straight line, f/p - necrophage
Aim: a necrophage (moderately damaged, 100% to hit)
The magic dart hits the necrophage.
The necrophage is heavily damaged.
Casting: Magic Dart (safe; 1% risk of failure)
Confirm with . or Enter, or press ? or * to list all spells.
Okay, then.
You closely miss the hornet.
The hornet is engulfed in blazing flames.
The hornet stings you!
You feel yourself slow down.
You hit the hornet but do no damage.
The hornet is lightly wounded.
The hornet is engulfed in blazing flames.
The hornet stings you.
You suddenly lose the ability to move!
The hornet is engulfed in blazing flames.
The hornet stings you!
Ouch! That really hurt!
* * * LOW HITPOINT WARNING * * *
You are lethally poisoned!
You feel as though you will be slow longer.
The hornet is engulfed in blazing flames.
The hornet stings you.
You die...

...##.#...# #.#.#
...##.#..##### #.#.#
...##.#'###..# #.#.#
...##.#......# #.#.#
...##...)....# #.#.#
#.###....##..# #.#.#
#.# #..####### #.#.#
.# #.## #.#.# #.#
#@#.# #####.# #y#.#
......# ##...n#.#
..#######.....#..#.#
.####.....#.. #..#.#
......#...#. ...#.#
..#...#.##..
....#.##
..#.##......
....#..# ##......#..
#..####.#


You could see a hornet and a necrophage.

Vanquished Creatures
  A water moccasin zombie (D:4)
  A bullfrog zombie (D:4)
  Terence (D:3)
  3 adders (D:2)
  A dart slug (D:3)
  2 orcs
  6 endoplasms
  6 giant cockroaches
  7 goblins
  2 hobgoblins
  5 kobolds
  3 quokkas
  A ball python (D:2)
  5 bats
  4 frilled lizards
  A rat (D:3)
49 creatures vanquished.

Vanquished Creatures (collateral kills)
  3 worms (D:2)
  A giant cockroach (D:2)
  A hobgoblin (D:2)
5 creatures vanquished.

Vanquished Creatures (others)
  2 plants (D:1)
2 creatures vanquished.

Grand Total: 56 creatures vanquished

Notes
Turn   | Place    | Note
-------+----------+-------------------------------------------
     0 | D:1      | ryathie the Deep Elf Hedge Wizard began the quest for the
                  | Orb.
     0 | D:1      | Reached XP level 1. HP: 10/10 MP: 7/7
   392 | D:1      | Reached XP level 2. HP: 15/15 MP: 7/9
   395 | D:1      | Learned a level 2 spell: Blink
   398 | D:1      | Learned a level 2 spell: Call Imp
   687 | D:1      | Found a faded altar of an unknown god.
   695 | D:1      | Got Plato's Reference Book on Dislocation
   748 | D:1      | Reached skill level 5 in Spellcasting
  1021 | D:2      | Noticed Sigmund
  1134 | D:2      | Reached XP level 3. HP: 16/19 MP: 2/11
  1187 | D:2      | Noticed Natasha
  1463 | D:2      | Noticed a scorpion
  1469 | D:2      | Learned a level 3 spell: Mephitic Cloud
  1473 | D:2      | Learned a level 3 spell: Conjure Flame
  1631 | D:2      | Reached XP level 4. HP: 24/24 MP: 13/13
  2389 | D:3      | Noticed Terence
  2755 | D:3      | Found a glowing silver altar of Zin.
  3000 | D:3      | Killed Terence
  3001 | D:3      | Reached skill level 1 in Air Magic
  3001 | D:3      | Reached skill level 1 in Poison Magic
  3235 | D:4      | Found an ancient bone altar of Kikubaaqudgha.
  3734 | D:4      | Reached XP level 5. HP: 25/28 MP: 10/14
  3791 | D:4      | Found a basalt altar of Yredelemnul.
  4275 | D:4      | Noticed a necrophage
  4275 | D:4      | Noticed a hornet
  4286 | D:4      | Paralysed by a hornet for 1 turns
  4286 | D:4      | HP: 1/28 [hornet (16)]
  4286 | D:4      | Slain by a hornet

Illustrated notes

Levels and vault maps discovered:
D:1:      dpeg_arrival_tiny_i, layout_loops_ring,
          shapermc_ecumenical_altar_rom_forum, serial_forest,
          infiniplex_forest_split, infiniplex_forest_zigzag_1,
          infiniplex_forest_straight_5, infiniplex_forest_clump_small,
          infiniplex_forest_pool, infiniplex_forest_straight_4,
          infiniplex_forest_clump_tiny
D:2:      layout_loops_corners, serial_forest, infiniplex_forest_lined_4_way,
          infiniplex_forest_lined_ring, infiniplex_forest_end_3,
          infiniplex_forest_side_room, infiniplex_forest_clump_small,
          infiniplex_forest_lined_4_way, infiniplex_forest_3_way, uniq_natasha,
          uniq_sigmund
D:3:      layout_loops_ring, mainiacjoe_overflow_paths, uniq_terence
D:4:      layout_gridville, mainiacjoe_overflow_24_doors,
          lemuel_zombie_altar_yredelemnul, chequers_jeans,
          hangedman_decor_points

Skill      XL: |  1  2  3  4  5 |
---------------+----------------+-----
Conjurations   | 2 3 4 |  4.3
Spellcasting   | 5 |  5.0
Summonings     | 2 |  2.0
Air Magic      | 1 2 |  2.0
Poison Magic   | 1 2 |  2.0
Dodging        | |  2.4
Stealth        | |  2.4
Translocations | |  1.1

Action                   |  1- 3 |  4- 6 || total
-------------------------+-------+-------++-------
Melee: Dagger            |    16 |    26 ||    42
 Cast: Magic Dart        |    73 |    46 ||   119
       Call Imp          |     4 |     5 ||     9
       Mephitic Cloud    |       |     2 ||     2
       Conjure Flame     |       |     3 ||     3
       Blink             |       |     1 ||     1
 Stab: Sleeping          |     2 |     2 ||     4
       Distracted        |       |     1 ||     1
Armor: Robe              |     8 |     3 ||    11
Dodge: Dodged            |    31 |    22 ||    53
